 Dungeon Crawl Stone Soup version 0.28.0 (webtiles) character file.

Game seed: 12300281318327806008

25 Aksej the Skirmisher (level 2, -2/24 HPs)
             Began as a Demonspawn Monk on Feb 12, 2022.
             Slain by a gnoll (8 damage)
             ... on level 1 of the Dungeon.
             The game lasted 00:02:01 (891 turns).

Aksej the Skirmisher (Demonspawn Monk)               Turns: 891, Time: 00:02:02

Health: -2/24      AC:  2    Str:  9 (11) XL:     2   Next: 82%
Magic:  2/2        EV: 13    Int: 10 (11) God:
Gold:   26         SH:  0    Dex: 16 (17) Spells: 1/1 levels left

rFire   . . .      SeeInvis .   a - +0 falchion
rCold   . . .      Faith    .   (no shield)
rNeg    . . .      Spirit   .   b - +0 robe
rPois   .          Reflect  .   (no helmet)
rElec   .          Harm     .   (no cloak)
rCorr   .          Rampage  .   (no gloves)
Will    .....                   (no boots)
Stlth   +++.......              (no amulet)
HPRegen 0.08/turn               (no ring)
MPRegen 0.08/turn               (no ring)

@: brilliant
A: thin skeletal structure 1
a: no special abilities


You were on level 1 of the Dungeon.
You visited 1 branch of the dungeon, and saw 1 of its levels.

You collected 26 gold pieces.

Inventory:

Hand Weapons
 a - a +0 falchion (weapon)
Armour
 b - a +0 robe (worn)


   Skills:
 * Level 3.4 Fighting
 + Level 3.1 Long Blades
 * Level 3.0 Dodging
 + Level 1.7 Stealth


You had one spell level left.
You didn't know any spells.
Your spell library was empty.

Dungeon Overview and Level Annotations

Branches:
Dungeon (1/15)

Altars:

Shops:
D:1 [


Innate Abilities, Weirdness & Mutations

You have a somewhat thin skeletal structure. (Dex +2, Stealth+)


Message History

You kill the quokka!
No target in view!
Found 3 atropa-tipped darts.
There is an entrance to Xar Jelu's Antique Armour Boutique here.
You can access your shopping list by pressing '$'.
d - a fizzy dark potion You now have 26 gold pieces (gained 1).
A bat comes into view.
The helpless bat fails to defend itself.
You slash the bat!
You kill the bat!
No target in view!
You see here a bat corpse.
You see here a bat corpse.
Things that are here:
a +0 whip; a stone A gnoll comes into view.
It is wielding a +0 spear.
A giant cockroach comes into view.
Sorry, you're not good enough to have a special ability.
The gnoll closely misses you.
You closely miss the gnoll. The gnoll hits you with a +0 spear.
You barely miss the gnoll. The gnoll closely misses you.
You barely miss the gnoll. The gnoll barely misses you.
You barely miss the gnoll. The gnoll hits you with a +0 spear. x2
You hit the gnoll but do no damage. The gnoll hits you with a +0 spear!
You are too injured to fight recklessly!
You are too injured to fight recklessly!
You hit the gnoll.
The gnoll is lightly wounded.
The gnoll barely misses you.
You aren't carrying any scrolls.
It was a potion of brilliance.
You feel clever all of a sudden. The gnoll hits you with a +0 spear.
* * * LOW HITPOINT WARNING * * *
It was a potion of degeneration.
There was something very wrong with that liquid.
You feel weakened.
You feel dopey.
You feel clumsy. The gnoll hits you with a +0 spear!
You die...

#.# ♣.♣
#...........##'##
#.#
##..######.<.....
..#
#.......#.......
##.####.#####.##
#.# #.......# #.#
######### #.#
##.#######.#
.....Bg@...#
...#########


You could see a gnoll and a giant cockroach.

Vanquished Creatures
  A dart slug (D:1)
  A ball python (D:1)
  An endoplasm (D:1)
  A giant cockroach (D:1)
  A goblin (D:1)
  2 hobgoblins (D:1)
  2 jackals (D:1)
  2 kobolds (D:1)
  3 quokkas (D:1)
  2 bats (D:1)
  3 frilled lizards (D:1)
  2 rats (D:1)
21 creatures vanquished.

Notes
Turn   | Place    | Note
-------+----------+-------------------------------------------
     0 | D:1      | Aksej the Demonspawn Monk began the quest for the Orb.
     0 | D:1      | Reached XP level 1. HP: 18/18 MP: 1/1
   211 | D:1      | Gained mutation: You have a somewhat thin skeletal
                  | structure. (Dex +2, Stealth+) [demonic ancestry]
   211 | D:1      | Reached XP level 2. HP: 22/24 MP: 2/2
   782 | D:1      | Found Xar Jelu's Antique Armour Boutique.
   891 | D:1      | Slain by a gnoll

Illustrated notes

Levels and vault maps discovered:
D:1:      minmay_arrival_stone_box, layout_loops_ring,
          shapermc_ecumenical_altar_ellora, serial_shops, nicolae_diamond_shop,
          minmay_tree_intersection

Skill      XL: |  1  2 |
---------------+-------+-----
Long Blades    | 3 |  3.1
Dodging        | 3 |  3.0
Fighting       | |  3.4
Stealth        | |  1.7

Action                   || total
-------------------------++-------
Melee: Falchion          ||    73
       Punch             ||     1
  Use: Potion            ||     2
 Stab: Sleeping          ||     3
Armor: Robe              ||    14
Dodge: Dodged            ||    57
